AoeStats
← jrewdavis

Yucatan

510926769Analyzed
4v4 RM · 13h ago on Oct 3, 2026· 65m 46s· 8 players
Game mode
Random Map
Map size
Large (8 player)
Population
200
Speed
Normal
Resources
Standard
Victory
Conquest
Starting age
Dark Age
Ending age
Imperial Age
RankedLock teamsTeams togetherTeam positionsShared explorationLock speedFull tech treeHidden civsTurbo modeCheats
Victory
Defeat
🇺🇸 Franks · United States
1179
+13
🇺🇸 Khmer · United States
1177
+13
🇺🇸 Vietnamese · United States
1172
+13
🇺🇸 Britons · United States
1051
+17
🇨🇦 Italians · Canada
1141
-16
🇨🇦 Goths · Canada
1115
-15
🇨🇦 Mongols · Canada
1104
-14
🇨🇦 Poles · Canada
1036
-11
WiilllChRisISTOXXIC
0:27 Loom
11:48 Feudal Age
18:37 Castle Age
19:28 Double-Bit Axe
21:43 Stone Mining
22:08 Bow Saw
24:13 Fletching
29:28 Bodkin Arrow
31:08 Wheelbarrow
30:29 Horse Collar
30:48 Gold Mining
32:36 Hand Cart
33:30 Padded Archer Armor
33:29 Town Watch
37:31 Imperial Age
35:37 Heavy Plow
36:19 Leather Archer Armor
37:38 Ballistics
38:01 Caravan
39:31 Paper Money
38:43 Elite Rattan Archer
41:27 Chemistry
41:08 Stone Shaft Mining
42:51 Two-Man Saw
43:25 Bracer
46:49 Ring Archer Armor
46:25 Siege Engineers
46:32 Masonry
48:21 Hoardings
47:17 Sappers
47:45 Murder Holes
48:01 Fortified Wall
47:31 Treadmill Crane
49:15 Town Patrol
55:41 Heated Shot
55:42 Guard Tower
55:39 Arrowslits
Cumstain
10:46 Feudal Age
11:43 Double-Bit Axe
15:34 Castle Age
16:00 Loom
17:05 Bow Saw
17:44 Pikeman
19:33 Wheelbarrow
21:23 Husbandry
24:35 Hand Cart
24:26 Gold Mining
26:35 Stone Mining
27:21 Gold Shaft Mining
30:17 Imperial Age
28:33 Treadmill Crane
29:44 Forging
29:39 Scale Barding Armor
31:00 Fortified Wall
30:22 Cavalier
32:25 Iron Casting
32:11 Chain Barding Armor
34:12 Blast Furnace
35:08 Plate Barding Armor
34:42 Paladin
47:37 Caravan
50:52 Chivalry
51:13 Conscription
51:56 Hoardings
Codeblue
11:07 Feudal Age
16:42 Castle Age
14:32 Double-Bit Axe
16:37 Loom
17:28 Wheelbarrow
16:57 Horse Collar
21:36 Gold Mining
23:01 Gold Shaft Mining
22:56 Bow Saw
26:18 Imperial Age
25:10 Stone Mining
25:21 Heavy Plow
25:13 Town Watch
28:23 Hand Cart
32:10 Stone Shaft Mining
34:35 Ballistics
34:21 Siege Engineers
35:18 Chemistry
34:37 Forging
35:33 Crop Rotation
37:05 Conscription
37:02 Scale Barding Armor
37:34 Iron Casting
37:48 Masonry
37:34 Murder Holes
37:44 Caravan
37:48 Heavy Scorpion
39:06 Double Crossbow
39:09 Tusk Swords
41:30 Blast Furnace
40:50 Chain Barding Armor
40:22 Fletching
40:36 Husbandry
40:04 Elite Battle Elephant
41:50 Bloodlines
42:19 Plate Barding Armor
42:51 Fortified Wall
43:12 Architecture
51:00 Town Patrol
62:38 Onager
B.oob
0:33 Loom
12:18 Feudal Age
17:41 Castle Age
18:20 Gold Mining
18:17 Double-Bit Axe
18:20 Crossbowman
19:46 Stone Mining
22:44 Horse Collar
31:36 Imperial Age
29:25 Fletching
30:41 Gold Shaft Mining
31:00 Fortified Wall
30:57 Pikeman
31:47 Padded Archer Armor
32:31 Wheelbarrow
32:37 Elite Longbowman
33:55 Ballistics
33:48 Halberdier
34:28 Bodkin Arrow
35:17 Hand Cart
35:27 Bracer
36:52 Forging
36:43 Scale Mail Armor
37:45 Yeomen
38:52 Chemistry
38:59 Leather Archer Armor
41:08 Iron Casting
40:49 Chain Mail Armor
40:40 Treadmill Crane
43:09 Ring Archer Armor
43:34 Conscription
44:09 Hoardings
46:47 Blast Furnace
46:18 Plate Mail Armor
47:27 Warwolf
54:37 Squires
54:23 Arson
60:04 Masonry
jrewdavis
4:53 Loom
12:16 Feudal Age
13:49 Double-Bit Axe
17:53 Castle Age
19:17 Fishing Lines
20:09 Bow Saw
25:02 Gillnets
26:36 Scale Mail Armor
26:47 Forging
30:42 Wheelbarrow
29:53 Town Watch
32:13 Chain Mail Armor
32:08 Forging
32:03 Anarchy
34:46 Imperial Age
32:35 Hand Cart
32:20 Town Patrol
32:49 Squires
32:54 Gold Mining
33:22 Fletching
34:03 Pikeman
38:10 Imperial Age
36:10 Town Patrol
38:11 Iron Casting
38:23 Halberdier
40:06 Perfusion
40:27 Conscription
42:24 Blast Furnace
41:20 Bodkin Arrow
45:29 Elite Huskarl
48:45 Bracer
TinkyBoi
3:07 Loom
11:02 Feudal Age
13:37 Double-Bit Axe
16:10 Castle Age
17:44 Bow Saw
18:21 Horse Collar
19:40 Gold Mining
21:41 Heavy Plow
22:11 Fletching
23:51 Wheelbarrow
25:56 Bodkin Arrow
26:02 Padded Archer Armor
27:03 Gold Shaft Mining
26:38 Stone Mining
27:38 Bloodlines
27:53 Leather Archer Armor
28:22 Thumb Ring
30:18 Husbandry
31:23 Stone Shaft Mining
35:17 Imperial Age
32:48 Light Cavalry
35:16 Forging
35:11 Scale Barding Armor
36:01 Ballistics
36:22 Conscription
36:26 Drill
36:46 Hoardings
35:46 Elite Mangudai
36:35 Bracer
37:42 Chemistry
38:14 Iron Casting
38:00 Chain Barding Armor
37:10 Hussar
38:17 Parthian Tactics
39:57 Blast Furnace
49:53 Coinage
50:22 Capped Ram
51:44 Siege Ram
56:19 Onager
58:02 Siege Onager
EasyE987
9:40 Feudal Age
14:38 Bloodlines
21:23 Castle Age
19:58 Forging
22:09 Husbandry
21:32 Light Cavalry
24:11 Iron Casting
23:41 Scale Barding Armor
23:24 Horse Collar
25:26 Heavy Plow
26:14 Double-Bit Axe
28:05 Bow Saw
34:03 Imperial Age
35:49 Blast Furnace
35:09 Chain Barding Armor
34:49 Scale Mail Armor
34:34 Winged Hussar
36:58 Conscription
37:04 Pikeman
37:45 Squires
snippedgentile
7:16 Loom
9:24 Feudal Age
17:16 Fletching
20:09 Castle Age
18:42 Padded Archer Armor
18:41 Stone Mining
19:35 Gold Mining
21:36 Wheelbarrow
23:18 Crossbowman
24:02 Double-Bit Axe
24:48 Horse Collar
26:18 Bow Saw
26:34 Bodkin Arrow
27:21 Heavy Plow
28:26 Elite Skirmisher
30:18 Ballistics
31:11 Hand Cart
34:53 Imperial Age
32:49 Thumb Ring
35:06 Leather Archer Armor
35:02 Forging
36:02 Stone Shaft Mining
36:04 Conscription
36:57 Chemistry
36:01 Bracer
36:39 Arbalester
37:51 Ring Archer Armor
36:54 Elite Genoese Crossbowman
38:53 Two-Man Saw
41:11 Forging
41:06 Scale Barding Armor
44:24 Iron Casting
44:09 Chain Barding Armor
46:18 Onager
49:54 Blast Furnace
49:29 Plate Barding Armor
51:52 Scale Mail Armor
53:46 Crop Rotation
54:17 Light Cavalry
55:11 Bloodlines
55:01 Husbandry
54:59 Hussar
55:29 Cavalier
57:39 Masonry
57:09 Treadmill Crane
57:25 Murder Holes
60:52 Chain Mail Armor
Connection lost

Rejoining the realm…

Still unreachable

The connection could not be restored.

Session expired

The server has moved on; the page needs a fresh start.